 Dungeon Crawl Stone Soup version 0.22.1-2-g9c5b331383 (webtiles) character file.

56 Marnok the Covered (level 3, 0/23 HPs)
             Began as a Tengu Fighter on Nov 23, 2018.
             Slain by a sky beast (6 damage)
             ... on level 2 of the Dungeon.
             The game lasted 00:06:19 (1156 turns).

Marnok the Covered (Tengu Fighter)                  Turns: 1156, Time: 00:06:20

Health: 0/23       AC:  7    Str: 17    XL:     3   Next: 97%
Magic:  4/4        EV:  7    Int:  8    God:
Gold:   49         SH:  9    Dex: 13    Spells: 2/2 levels left

rFire    . . .     SeeInvis .     - Unarmed
rCold    . . .     Gourm    .   b - +0 shield
rNeg     . . .     Faith    .   a - +0 scale mail
rPois    .         Spirit   .   (helmet restricted)
rElec    .         Reflect  .   (no cloak)
rCorr    .         Harm     .   (no gloves)
MR       .....                  (boots unavailable)
Stlth    ..........             (no amulet)
HPRegen  0.07/turn              (no ring)
MPRegen  0.09/turn              (no ring)

@: no status effects
A: beak, talons 3
a: no special abilities


You were on level 2 of the Dungeon.
You were not hungry.

You visited 1 branch of the dungeon, and saw 2 of its levels.

You collected 49 gold pieces.

Inventory:

Hand Weapons
 e - a +0 hunting sling
 j - a +1 dagger of electrocution
 o - a +2 dagger of electrocution
Missiles
 g - 20 stones (quivered)
 t - 24 sling bullets
Armour
 a - a +0 scale mail (worn)
 b - a +0 shield (worn)
 q - a +0 cloak
Jewellery
 p - a +3 ring of evasion {unknown}
 r - an uncursed ring of ice {unknown}
Scrolls
 f - a scroll of enchant weapon {unknown}
 s - 2 scrolls of teleportation {unknown}
 u - a scroll of identify {unknown}
Potions
 c - a potion of might
 h - a potion of agility {unknown}
 i - 2 potions of curing {unknown}
 k - a potion of resistance {unknown}
 l - a potion of mutation {unknown}
 m - a potion of heal wounds {unknown}
 n - a potion of brilliance {unknown}
Comestibles
 d - 2 rations


   Skills:
 + Level 3.3 Fighting
 + Level 4.0 Armour
 + Level 0.2 Dodging
 + Level 3.5 Shields
 + Level 2.9 Unarmed Combat


You had 2 spell levels left.
You didn't know any spells.
Your spell library was empty.

Dungeon Overview and Level Annotations

Branches:
Dungeon (2/15)

Altars:

Annotations:
D:2 Natasha


Innate Abilities, Weirdness & Mutations

You have a beak for a mouth.
You have claws for feet.


Message History

You closely miss the sky beast. You block the sky beast's attack.
You closely miss the sky beast.
The sky beast hits you but does no damage.
You hit the sky beast.
The sky beast is lightly wounded.
You block the sky beast's attack.
You closely miss the sky beast.
The sky beast is lightly wounded.
You block the sky beast's attack.
You hit the sky beast but do no damage. Your peck misses the sky beast.
The sky beast is lightly wounded.
The sky beast flickers out of sight!
Deactivating autopickup; reactivate with Ctrl-A.
Something hits you but does no damage.
You miss something. Your kick misses something. Something hits you.
Something shocks you.
You closely miss something. Something hits you.
* * * LOW HITPOINT WARNING * * *
Something shocks you.
You die...

.... ...# ...# .. ## ..## ...
#.### ..# ...##.... ....
........# #####+###+# ####
........# #.......... ......{)#
#..........
......†@######..........
#+##.................#.#
#.....###########.# ##.##.#
#########.# #. ..# #.......#.#
####################.#####.#.###
#....>.....................#....
##.##################.###########
...................<#............


There were no monsters in sight!

Vanquished Creatures
  Terence (D:2)
  A dart slug (D:1)
  A leopard gecko (D:1)
  3 goblins (D:1)
  2 hobgoblins (D:1)
  7 jackals (D:1)
  3 kobolds (D:1)
  4 bats
  3 frilled lizards
25 creatures vanquished.

Notes
Turn   | Place    | Note
-------+----------+-------------------------------------------
     0 | D:1      | Marnok the Tengu Fighter began the quest for the Orb.
     0 | D:1      | Reached XP level 1. HP: 14/14 MP: 2/2
    21 | D:2      | Noticed Natasha
   146 | D:1      | Reached XP level 2. HP: 16/19 MP: 3/3
   684 | D:1      | Reached XP level 3. HP: 23/23 MP: 4/4
  1137 | D:2      | Noticed Terence
  1142 | D:2      | Noticed a sky beast
  1147 | D:2      | Killed Terence
  1147 | D:2      | Reached skill level 4 in Armour
  1156 | D:2      | Slain by a sky beast

Skill      XL: |  1  2  3 |
---------------+----------+-----
Armour         | 4 |  4.0
Fighting       | |  3.3
Dodging        | |  0.2
Shields        | |  3.5
Unarmed Combat | |  2.9

Action                   || total
-------------------------++-------
Melee: Unarmed           ||    78
       Kick              ||    17
       Peck              ||    10
  Eat: Ration            ||     1
Armor: Scale mail        ||    28
Dodge: Dodged            ||    22
Block: Shield            ||    30
